 Dungeon Crawl Stone Soup version 0.25-a0-310-g60f0ac2d9a (webtiles) character file.

Game seed: 3137781627125049494, levelgen mode: deterministic

23 Lanoc the Skirmisher (level 3, -4/31 HPs)
             Began as a Ghoul Chaos Knight on Dec 23, 2019.
             Was a Plaything of Xom.
             Slain by a gnoll
             ... wielding a +0 halberd
             ... summoned by Xom
              (14 damage)
             ... on level 2 of the Dungeon.
             The game lasted 00:01:02 (561 turns).

Lanoc the Skirmisher (Ghoul Chaos Knight)            Turns: 561, Time: 00:01:02

Health: -4/31      AC:  5    Str: 15    XL:     3   Next: 0%
Magic:  2/2        EV: 10    Int:  7    God:    Xom [*.....]
Gold:   40         SH:  0    Dex:  9    Spells: 2/2 levels left

rFire    . . .     SeeInvis .   a - +0 mace (chaos)
rCold    + . .     Gourm    .   (no shield)
rNeg     + + +     Faith    .   b - +2 leather armour
rPois    ∞         Spirit   .   (no helmet)
rElec    .         Reflect  .   (no cloak)
rCorr    .         Harm     .   (no gloves)
MR       .....                  (no boots)
Stlth    +.........             (no amulet)
HPRegen  0.00/turn              (no ring)
MPRegen  0.08/turn              (no ring)

@: rotting, heavily drained
A: rotting body, claws 1, carnivore, cold resistance 1, negative energy
resistance 3, inhibited regeneration, torment resistance, unbreathing
a: Renounce Religion


You were on level 2 of the Dungeon.
You worshipped Xom.
You were a special plaything of Xom.
You were not hungry.

You visited 1 branch of the dungeon, and saw 2 of its levels.

You collected 40 gold pieces.

Inventory:

Hand Weapons
 a - a +0 mace of chaos (weapon)
Armour
 b - a +2 leather armour (worn)
Scrolls
 d - 3 scrolls of remove curse {unknown}
 e - 2 scrolls of identify {unknown}
 f - a scroll of teleportation {unknown}
 h - a scroll of noise {unknown}
Comestibles
 c - 2 rations
 g - 3 chunks of flesh


   Skills:
 + Level 3.5(2.1) Fighting
 * Level 3.1(1.7) Maces & Flails
 + Level 2.1(0.7) Armour
 + Level 1.3(0.0) Dodging


You had 2 spell levels left.
You didn't know any spells.
Your spell library was empty.

Dungeon Overview and Level Annotations

Branches:
Dungeon (1/15)

Altars:
Gozag
Xom


Innate Abilities, Weirdness & Mutations

Your body is rotting away.
You thrive on raw meat.
You are immune to poison.
You have sharp fingernails.
You are carnivorous and can eat meat at any time.
Your flesh is cold resistant. (rC+)
You are immune to negative energy. (rN+++)
You do not regenerate when monsters are visible.
You are immune to unholy pain and torment.
You can survive without breathing.


Message History

The boggart is moderately wounded.
The boggart barely misses you. The gnoll barely misses you.
The frilled lizard closely misses you.
The gnoll hits you from afar with a +0 halberd!
The gnoll hits you but does no damage. The boggart hits you.
You barely miss the boggart.
The boggart is moderately wounded.
The boggart misses you. The frilled lizard misses you.
The gnoll hits you but does no damage.
The gnoll hits you from afar with a +0 halberd.
The gnoll closely misses you.
You completely miss the boggart.
The boggart is moderately wounded.
The boggart gestures wildly while chanting.
The boggart flickers and vanishes!
Deactivating autopickup; reactivate with Ctrl-A.
The gnoll barely misses you. The frilled lizard closely misses you.
The gnoll hits you with a +0 flail.
The gnoll hits you from afar with a +0 halberd!
You die... ####### #.{S..# ###@### #gglg$#

#.#g###
#.._..
###.#.#
....#
#.###
#.# ..


You could see 3 gnolls, an adder, a goblin and a frilled lizard.

Vanquished Creatures
  An ooze (D:1)
  2 giant cockroaches (D:1)
  5 goblins (D:1)
  4 hobgoblins
  A kobold (D:1)
  A bat (D:2)
  2 rats (D:1)
16 creatures vanquished.

Notes
Turn   | Place    | Note
-------+----------+-------------------------------------------
     0 | D:1      | Lanoc the Ghoul Chaos Knight began the quest for the Orb.
     0 | D:1      | Reached XP level 1. HP: 19/19 MP: 0/0
    13 | D:1      | XOM: harmless Air miscast
    17 | D:1      | Reached skill level 1 in Dodging
    18 | D:1      | Reached XP level 2. HP: 26/26 MP: 1/1
    41 | D:1      | XOM: scenery: create altars
   318 | D:1      | XOM: cloud trail
   444 | D:1      | You fall into a shaft and drop 1 floor!
   486 | D:2      | Reached XP level 3. HP: 25/31 MP: 2/2
   493 | D:2      | Noticed a shapeshifter
   493 | D:2      | a jackal changed into a shapeshifter
   493 | D:2      | Noticed a rime drake
   493 | D:2      | a shapeshifter changed into a rime drake
   498 | D:2      | XOM: enchant monster (bad)
   498 | D:2      | Noticed a shapeshifter
   498 | D:2      | a rime drake changed into a shapeshifter
   498 | D:2      | Noticed a yaktaur
   498 | D:2      | a shapeshifter changed into a yaktaur
   500 | D:2      | XOM: 2-stop teleportation journey
   557 | D:2      | Found an opulent altar of Gozag.
   557 | D:2      | Noticed a boggart
   557 | D:2      | a worm changed into a boggart
   557 | D:2      | XOM: polymorph worm -> boggart
   558 | D:2      | XOM: summons 4 hostile shadow creatures
   561 | D:2      | Slain by a gnoll

Levels and vault maps discovered:
D:1:      nzn_arrival_water_spiral, layout_basic
D:2:      minmay_wonky_spiral, layout_basic, yredelemnul_altar_generic,
          marbit_many_paths, first_ration, hangedman_decor_points,
          nicolae_gozag_cash_rules_everything_around_me

Skill      XL: |  1  2 |
---------------+-------+-----
Dodging        | 1 |  1.3
Maces & Flails | 3 |  3.1
Armour         | 2 |  2.1
Fighting       | |  3.5

Action                   || total
-------------------------++-------
Melee: Mace              ||    58
  Eat: Chunk             ||     3
Armor: Leather armour    ||    23
Dodge: Dodged            ||    37

Table legend:
 A = Non-vault XP
 B = Vault XP
 C = Vault XP percentage of total XP
 D = Non-vault monster count
 E = Vault monster count
 F = Vault count percentage of total count
                 A         B        C        D         E       F
            +---------+---------+-------+---------+---------+-------
      Total |      34 |       0 |   0.0 |      16 |       0 |   0.0
            +---------+---------+-------+---------+---------+-------
        D:1 |      29 |       0 |   0.0 |      13 |       0 |   0.0
        D:2 |       5 |       0 |   0.0 |       3 |       0 |   0.0
            +---------+---------+-------+---------+---------+-------
